 Dungeon Crawl Stone Soup version 0.28.0-53-g5a82cb258f (webtiles) character file.

Game seed: 10410637463170194168

777 xian the Magician (level 8, -5/55 HPs)
             Began as a Djinni Hedge Wizard on May 25, 2022.
             Slain by a hornet (17 damage)
             ... on level 5 of the Dungeon.
             The game lasted 00:18:19 (5452 turns).

xian the Magician (Djinni Hedge Wizard)             Turns: 5452, Time: 00:18:19

Health: -5/55      AC:  2    Str:  9    XL:     8   Next: 10%
Gold:   187        EV: 13    Int: 18    God:
                   SH:  0    Dex: 13

rFire   + + .      SeeInvis .   e - +1 dagger (venom)
rCold   x . .      Faith    .   (no shield)
rNeg    . . .      Spirit   .   b - +0 robe
rPois   ∞          Reflect  .   (helmet restricted)
rElec   .          Harm     .   (no cloak)
rCorr   .          Rampage  .   (no gloves)
Will    .....                   (boots unavailable)
Stlth   ++........              w - amulet of regeneration
HPRegen 0.98/turn               (no ring)
MPRegen 0.00/turn               (no ring)

@: flying
A: sickness immunity, fire resistance 2, cold vulnerability 1, float, innate
caster, HP casting, extra vitality 1, horns 1, screaming 1
a: no special abilities


You were on level 5 of the Dungeon.
You visited 1 branch of the dungeon, and saw 5 of its levels.

You collected 187 gold pieces.

Inventory:

Hand Weapons
 e - a +1 dagger of venom (weapon)
Armour
 b - a +0 robe (worn)
 c - a +0 hat
 p - a +0 helmet
Jewellery
 w - an amulet of regeneration (around neck)
 x - a ring of protection from fire
Wands
 j - a wand of charming (20)
 q - a wand of flame (15)
 r - a wand of digging (8)
Scrolls
 a - a scroll of torment {unknown}
 d - a scroll of immolation {unknown}
 f - 2 scrolls of enchant armour {unknown}
 l - 3 scrolls of vulnerability {unknown}
 m - a scroll of holy word {unknown}
 n - a scroll of teleportation {unknown}
 o - a scroll of enchant weapon {unknown}
 u - 2 scrolls of identify {unknown}
 v - a scroll of summoning {unknown}
Potions
 g - a potion of mutation
 h - a potion of magic {unknown}
 i - a potion of curing
 s - a potion of brilliance {unknown}
 t - a potion of might


   Skills:
 + Level 2.4 Fighting
 + Level 2.9 Short Blades
 + Level 3.9 Dodging
 + Level 3.2 Stealth
 + Level 4.8 Spellcasting


You couldn't memorise any spells.
You knew the following spells:

 Your Spells              Type           Power      Damage    Failure   Level
a - Magic Dart            Conj           84%        1d7       1%          1
b - Blink                 Tloc           42%        N/A       2%          2
c - Call Imp              Summ           21%        N/A       2%          2
d - Slow                  Hex            84%        N/A       1%          1
e - Conjure Flame         Conj/Fire      21%        6-21      5%          3
f - Mephitic Cloud        Conj/Pois/Air  21%        N/A       5%          3
g - Beastly Appendage     Tmut           42%        N/A       1%          1
h - Poisonous Vapours     Pois/Air       42%        N/A       2%          2
i - Passwall              Tmut/Erth      17%        N/A       2%          2
Your spell library was empty.

Dungeon Overview and Level Annotations

Branches:
Dungeon (5/15)
 Temple: D:4-7

Altars:
Cheibriados
Elyvilon
Nemelex Xobeh
Uskayaw
Zin
The Shining One

Shops:
D:3 (   D:4 ==(([

Portals:
Sewer: D:5


Innate Abilities, Weirdness & Mutations

You are immune to sickness and miasma.
You are immune to poison.
Your flesh is very heat resistant. (rF++)
You are vulnerable to cold. (rC-)
You float through the air rather than walking.
You learn spells naturally, not from books.
Your magical power is your life essence.
You have superior vitality. (+4 MHP)
You have a pair of small horns on your head.
You occasionally shout uncontrollably at your foes.


Message History

The hornet closely misses your shadow imp.
Casting: Slow (safe; 1% risk of failure)
Confirm with . or Enter, or press ? or * to list all spells.
A beastly little devil appears in a puff of flame.
Your shadow imp disappears in a puff of smoke!
Unknown command.
Unknown command.
Your crimson imp blinks!
The hornet stings you.
Casting: Call Imp (safe; 2% risk of failure)
Confirm with . or Enter, or press ? or * to list all spells.
You don't know that spell.
The hornet stings you.
Casting: Call Imp (safe; 2% risk of failure)
Confirm with . or Enter, or press ? or * to list all spells.
A metallic apparition takes form in the air.
The hornet closely misses you.
Casting: Call Imp (safe; 2% risk of failure)
Confirm with . or Enter, or press ? or * to list all spells.
You don't know that spell.
The hornet closely misses you.
Your iron imp misses the hornet.
Casting: Call Imp (safe; 2% risk of failure)
Confirm with . or Enter, or press ? or * to list all spells.
The fire begins to smoulder!
The hornet stings you.
* * * LOW HITPOINT WARNING * * *
Your iron imp hits the hornet.
Unknown command.
The hornet barely misses you.
Your iron imp misses the hornet.
The hornet smothers the flame.
Casting: Conjure Flame (dangerous; 5% risk of failure)
Confirm with . or Enter, or press ? or * to list all spells.
The fire begins to smoulder!
* * * LOW HITPOINT WARNING * * *
The hornet stings you!
* * * LOW HITPOINT WARNING * * *
Your iron imp hits the hornet!
It was a potion of curing.
You feel better. The hornet barely misses you. The hornet stings you!
You die...

#... #.. # #... #.# .# ..
#... #.# #####.###.. #...
#.#####........#. #...
#.#..............
##...###.#.###.#....#...
#.....>.................
...........###......#..#
.....#.........y@..<....
....####.#.###5.....#..###
#.#.# #...#.............##
#.#.# #.........#######..
#.#.####.#.#.....#SSS≈≈#.#
#.#..............#S≈∩≈≈+.##
#.#^##.........).#≈≈≈≈≈#...
#.#.........##...#######...
#...).......#..............


You could see a hornet (ally target), 4 adders and a friendly iron imp
(summoned).

Vanquished Creatures
  A necrophage (D:4)
  A centaur (D:5)
  A phantom (D:5)
  2 scorpions
  A centaur zombie (D:5)
  An orc priest (D:3)
  Jessica (D:3)
  Terence (D:3)
  Natasha (twice) (D:3)
  A hound skeleton (D:4)
  2 adders
  2 adder skeletons (D:4)
  A worm (D:4)
  5 dart slugs
  5 orcs
  6 ball pythons
  6 endoplasms
  7 goblins
  7 hobgoblins
  3 quokkas
  5 bats
  3 frilled lizards
  7 kobolds
  4 rats
75 creatures vanquished.

Vanquished Creatures (collateral kills)
  An ogre (D:5)
  A jelly (D:4)
  Natasha (D:3)
  A worm (D:3)
  An orc (D:3)
  A kobold (D:3)
6 creatures vanquished.

Grand Total: 81 creatures vanquished

Notes
Turn   | Place    | Note
-------+----------+-------------------------------------------
     0 | D:1      | xian the Djinni Hedge Wizard began the quest for the Orb.
     0 | D:1      | Reached XP level 1. HP: 15/15 MP: 0/0
   233 | D:1      | Reached XP level 2. HP: 13/21 MP: 0/0
   971 | D:1      | Reached XP level 3. HP: 23/25 MP: 0/0
   971 | D:1      | Learned a level 1 spell: Beastly Appendage
   973 | D:1      | Reached skill level 3 in Spellcasting
  1356 | D:1      | Found a faded altar of an unknown god.
  1945 | D:2      | Reached XP level 4. HP: 23/31 MP: 0/0
  2684 | D:3      | Noticed Jessica
  2706 | D:3      | Killed Jessica
  2707 | D:3      | Reached XP level 5. HP: 3/36 MP: 0/0
  2707 | D:3      | Learned a level 2 spell: Poisonous Vapours
  3064 | D:3      | Noticed Natasha
  3072 | D:3      | Killed Natasha
  3165 | D:3      | Found a snail-covered altar of Cheibriados.
  3295 | D:3      | Found Ceuq's Antique Weapon Shoppe.
  3451 | D:3      | Noticed Terence
  3464 | D:3      | Killed Terence
  3465 | D:3      | Reached skill level 1 in Short Blades
  3620 | D:3      | Noticed Natasha
  3627 | D:3      | Killed Natasha
  3628 | D:3      | Reached skill level 1 in Fighting
  3628 | D:3      | Reached XP level 6. HP: 38/42 MP: 0/0
  3665 | D:3      | Found a sparkling altar of Nemelex Xobeh.
  3706 | D:3      | Noticed Natasha
  3711 | D:3      | Killed Natasha
  3712 | D:3      | Reached skill level 4 in Spellcasting
  3818 | D:3      | Found a hide-covered altar of Uskayaw.
  3967 | D:4      | Noticed a necrophage
  3993 | D:4      | Killed a necrophage
  4376 | D:4      | Found Qyac's Weapon Shoppe.
  4441 | D:4      | Found Ranky's Jewellery Emporium.
  4446 | D:4      | Found a glowing golden altar of the Shining One.
  4446 | D:4      | Found a glowing silver altar of Zin.
  4448 | D:4      | Found a white marble altar of Elyvilon.
  4467 | D:4      | Found Evulirph's Jewellery Boutique.
  4549 | D:4      | Reached XP level 7. HP: 31/48 MP: 0/0
  4549 | D:4      | Learned a level 2 spell: Passwall
  4986 | D:4      | Found Jineny's Antique Armour Shoppe.
  5036 | D:4      | Found Coasicko's Antique Weapon Boutique.
  5207 | D:5      | Entered Level 5 of the Dungeon
  5273 | D:5      | Found a glowing drain.
  5350 | D:5      | Gained mutation: You occasionally shout uncontrollably at
                  | your foes. [potion of mutation]
  5350 | D:5      | Gained mutation: You have a pair of small horns on your
                  | head. [potion of mutation]
  5353 | D:5      | Reached XP level 8. HP: 21/55 MP: 0/0
  5430 | D:5      | Noticed a hornet
  5451 | D:5      | HP: 1/55 [hornet (14)]
  5452 | D:5      | Slain by a hornet

Illustrated notes

Levels and vault maps discovered:
D:1:      shiori_arrival_whats_in_store_for_you, layout_loops_ring,
          dreamdust_ecumenical_altar_hidden_monk_grotto, minmay_statues_item
D:2:      layout_loops_corners, grunt_decor_one_mirror,
          minmay_stone_trees_medium, minmay_hedge_maze
D:3:      layout_rooms, lemuel_crystal_altar, mainiacjoe_overflow_alcove_2,
          mainiacjoe_overflow_alcove_4, serial_shops, shop, minmay_liquid_box,
          supply_closet_lemuel, uniq_terence, uniq_jessica, uniq_natasha
D:4:      layout_basic, good_gods_mini_temple, serial_shops,
          nicolae_shop_statue_plus, nicolae_shop_hallway_plus, shop,
          shop_statue, shop, kennysheep_generic_room_8
D:5:      layout_basic, gup_sewer_entry_glass, hangedman_decor_growths

Skill      XL: |  1  2  3  4  5  6  7 |
---------------+----------------------+-----
Spellcasting   | 3 4 |  4.8
Stealth        | 2 3 |  3.2
Short Blades   | 1 2 |  2.9
Dodging        | 3 |  3.9
Fighting       | 1 2 |  2.4

Action                   |  1- 3 |  4- 6 |  7- 9 || total
-------------------------+-------+-------+-------++-------
Melee: Dagger            |    52 |    64 |    71 ||   187
       Punch             |       |     1 |     3 ||     4
       Headbutt          |       |       |     2 ||     2
 Cast: Magic Dart        |    44 |    56 |    16 ||   116
       Call Imp          |       |     7 |     8 ||    15
       Slow              |       |     1 |     2 ||     3
       Beastly Appendage |       |     1 |       ||     1
       Blink             |       |       |     1 ||     1
       Conjure Flame     |       |       |     2 ||     2
  Use: Potion            |       |       |     3 ||     3
 Stab: Sleeping          |     2 |       |       ||     2
       Distracted        |       |     1 |     1 ||     2
Armor: Robe              |    10 |     8 |    14 ||    32
Dodge: Dodged            |    35 |    41 |    62 ||   138
